 Dungeon Crawl Stone Soup version 0.21.0 (webtiles) character file.

249 MDvedh the Spear-Bearer (level 6, -9/44 HPs)
             Began as a Merfolk Gladiator on Jan 6, 2018.
             Was an Initiate of Yredelemnul.
             Mangled by an ogre
             ... wielding a +0 giant club
              (19 damage)
             ... on level 4 of the Dungeon.
             The game lasted 00:05:08 (2365 turns).

MDvedh the Spear-Bearer (Merfolk Gladiator)         Turns: 2365, Time: 00:05:09

Health: -9/44      AC: 11    Str: 15    XL:     6   Next: 12%
Magic:  6/6        EV:  8    Int:  7    God:    Yredelemnul [......]
Gold:   118        SH:  0    Dex: 17    Spells: 5/5 levels left

rFire    . . .     SeeInvis .   a - +1 trident
rCold    + . .     Gourm    .   (no shield)
rNeg     + . .     Faith    .   r - +0 chain mail
rPois    .         Spirit   .   x - +2 helmet
rElec    .         Reflect  .   (no cloak)
rCorr    .         Harm     .   (no gloves)
MR       .....                  (no boots)
Stlth    ..........             (no amulet)
HPRegen  0.14/turn              k - ring of protection from cold
MPRegen  0.10/turn              s - ring of positive energy

@: lethally poisoned (-9 -> -15)
A: change form in water, swift swim, stealthy swim
a: Renounce Religion


You were on level 4 of the Dungeon.
You worshipped Yredelemnul.
Yredelemnul was noncommittal.
You were not hungry.

You visited 1 branch of the dungeon, and saw 4 of its levels.

You collected 118 gold pieces.

Inventory:

Hand Weapons
 a - a +1 trident (weapon)
Missiles
 d - 3 throwing nets (quivered)
Armour
 b - a +0 leather armour
 c - a +0 helmet
 r - a +0 chain mail (worn)
 x - a +2 helmet (worn)
Jewellery
 k - a ring of protection from cold (left hand)
 s - a ring of positive energy (right hand)
Scrolls
 e - a scroll of teleportation
 g - 2 scrolls of remove curse
 l - a scroll of blinking
 m - a scroll of enchant weapon
 o - a scroll of enchant armour
Potions
 h - a potion of magic
 i - a potion of curing
 n - a potion of agility
 q - a potion of haste
 t - a potion of berserk rage {unknown}
 w - a potion of flight {unknown}
Books
 y - a book of Misfortune

   Spells                             Type                      Level
   a - Confusing Touch                Hexes                        1
   b - Confuse                        Hexes                        3
   c - Gell's Gravitas                Translocation                3
   d - Petrify                        Transmutation/Earth          4
   e - Metabolic Englaciation         Hexes/Ice                    5
   f - Yara's Violent Unravelling     Hexes/Transmutation          5
Comestibles
 f - 6 rations
 j - a chunk of flesh


   Skills:
 - Level 2.1 Fighting
 + Level 9.6 Polearms
 - Level 2.0 Throwing
 - Level 4.0 Dodging


You had 5 spell levels left.
You didn't know any spells.

Dungeon Overview and Level Annotations

Branches:
Dungeon (4/15)
 Temple: D:4-7

Altars:
Elyvilon
Okawaru
Qazlal
Ru
Uskayaw
Yredelemnul


Message History

You hit the ogre but do no damage.
The ogre is lightly wounded.
The giant cockroach bites you but does no damage.
The ogre closely misses you.
You puncture the ogre!
The ogre is heavily wounded.
You feel sick. The giant cockroach barely misses you.
You puncture the ogre!
The ogre is almost dead.
The ogre hits you with a giant club!!
Ouch! That really hurt!
* * * LOW HITPOINT WARNING * * *
The giant cockroach bites you but does no damage.
You are too injured to fight recklessly!
You are too injured to fight recklessly!
You are too injured to fight recklessly!
Unknown command.
You feel sick. The ogre hits you with a giant club!!
You die...
Your body rises from the dead as a mindless zombie.

..###.#.#..####...
#.##.............#
#.##(.#.##.####.##
#..........#####.# .$
..##..............
...#####.##..#####<......
.......#.##..#####.......
.......!s##..##..........
.....?.O@....##.##.......
.Z.###.......##.##..<....
. .......................
..###......#############
#......# ######.# #.# #.#
#.


You could see an ogre, a giant cockroach and a quokka skeleton (wandering).

Vanquished Creatures
  An orc priest (D:3)
  A hound (D:4)
  A worker ant (D:4)
  4 gnolls (D:2)
  5 adders
  2 oozes
  2 worms
  3 dart slugs
  2 leopard geckos
  5 orcs
  2 giant cockroaches (D:2)
  10 goblins
  4 hobgoblins
  A quokka (D:3)
  A ball python (D:4)
  6 bats (D:1)
  3 frilled lizards
  6 kobolds
  7 rats
66 creatures vanquished.

Notes
Turn   | Place    | Note
-------+----------+-------------------------------------------
     0 | D:1      | MDvedh the Merfolk Gladiator began the quest for the Orb.
     0 | D:1      | Reached XP level 1. HP: 16/16 MP: 1/1
    47 | D:1      | Reached skill level 5 in Polearms
    99 | D:1      | Reached XP level 2. HP: 20/22 MP: 2/2
   361 | D:1      | Reached skill level 6 in Polearms
   361 | D:1      | Reached XP level 3. HP: 25/27 MP: 3/3
   755 | D:2      | Reached XP level 4. HP: 22/33 MP: 4/4
   759 | D:2      | Reached skill level 7 in Polearms
   932 | D:2      | Found a white marble altar of Elyvilon.
   932 | D:2      | Found a basalt altar of Yredelemnul.
   933 | D:2      | Found a hide-covered altar of Uskayaw.
   945 | D:2      | Found a stormy altar of Qazlal.
   949 | D:2      | Became a worshipper of Yredelemnul the Dark
  1243 | D:2      | Found an iron altar of Okawaru.
  1379 | D:2      | Reached skill level 8 in Polearms
  1385 | D:2      | Reached XP level 5. HP: 32/38 MP: 5/5
  1606 | D:3      | Found a sacrificial altar of Ru.
  2293 | D:4      | Reached skill level 9 in Polearms
  2346 | D:4      | Reached XP level 6. HP: 44/44 MP: 6/6
  2365 | D:4      | Mangled by an ogre

Skill      XL: |  1  2  3  4  5 |
---------------+----------------+-----
Polearms       | 5 6 8 9 |  9.6
Fighting       | |  2.1
Throwing       | |  2.0
Dodging        | |  4.0

Action                   |  1- 3 |  4- 6 || total
-------------------------+-------+-------++-------
Melee: Trident           |    92 |   145 ||   237
  Use: Scroll            |       |    11 ||    11
 Stab: Sleeping          |     2 |       ||     2
  Eat: Chunk             |       |     5 ||     5
Armor: Leather armour    |    10 |       ||    10
       Chain mail        |    16 |    43 ||    59
Dodge: Dodged            |    45 |    37 ||    82
